 Dungeon Crawl Stone Soup version 0.22-a0-448-g1fb7470 (webtiles) character file.

2 MrFlexi the Digger (level 1, -4/14 HPs)
             Began as a Draconian Earth Elementalist on June 4, 2018.
             Slain by a goblin
             ... wielding a +0 dagger
              (5 damage)
             ... on level 1 of the Dungeon.
             The game lasted 00:02:59 (236 turns).

MrFlexi the Digger (Draconian Earth Elementalist)    Turns: 236, Time: 00:03:00

Health: -4/14      AC:  4    Str: 10    XL:     1   Next: 25%
Magic:  3/3        EV: 12    Int: 15    God:
Gold:   0          SH:  0    Dex: 11    Spells: 3/4 levels left

rFire    . . .     SeeInvis .   (no weapon)
rCold    . . .     Gourm    .   (no shield)
rNeg     . . .     Faith    .   (armour unavailable)
rPois    .         Spirit   .   (helmet restricted)
rElec    .         Reflect  .   (no cloak)
rCorr    .         Harm     .   (no gloves)
MR       .....                  (no boots)
Stlth    ++........             (no amulet)
HPRegen  0.04/turn              (no ring)
MPRegen  0.08/turn              (no ring)

@: no status effects
A: unfitting armour, cold-blooded, AC +4
a: no special abilities


You were on level 1 of the Dungeon.
You were not hungry.

You visited 1 branch of the dungeon, and saw 1 of its levels.

Inventory:

Missiles
 b - 30 stones (quivered)
Comestibles
 c - 2 rations


   Skills:
 + Level 1.7 Dodging
 + Level 1.7 Stealth
 + Level 2.0 Spellcasting
   Level 1.0 Transmutations
 + Level 3.1 Earth Magic


You had 3 spell levels left.
You knew the following spells:

 Your Spells              Type           Power        Failure   Level  Hunger
a - Sandblast             Erth           ##....       6%          1    #......

Your spell library contained the following spells:

 Spells                   Type           Power        Failure   Level  Hunger
 Stone Arrow              Conj/Erth      #.....       34%         3    ###....
 Passwall                 Tmut/Erth      #.......     14%         2    ###....
 Lee's Rapid Deconstruct  Erth           ##........   86%         5    ######.
 Petrify                  Tmut/Erth      #.......     67%         4    #####..


Dungeon Overview and Level Annotations

Branches:
Dungeon (1/15)

Altars:


Innate Abilities, Weirdness & Mutations

Your plain brown scales are hard. (AC +4)
You cannot fit into any form of body armour.
You are cold-blooded and may be slowed by cold attacks.


Message History

The hobgoblin shouts!
The kobold shouts!
A goblin comes into view. It is wielding a dagger.
The kobold hits you with a short sword.
Found a stone staircase leading down.
The goblin shouts!
You hit the kobold but do no damage. The kobold hits you with a short sword.
You closely miss the kobold.
Your tail-slap misses the kobold.
The hobgoblin barely misses you. The kobold misses you.
You hit the kobold but do no damage. The kobold hits you but does no damage.
The hobgoblin hits you with a club.
You closely miss the kobold. The kobold hits you but does no damage.
The hobgoblin hits you but does no damage.
You miss the kobold. The kobold hits you with a short sword.
* * * LOW HITPOINT WARNING * * *
The goblin hits you with a dagger.
* * * LOW HITPOINT WARNING * * *
The hobgoblin barely misses you.
You miss the kobold. The kobold closely misses you.
The goblin hits you with a dagger.
You die...

...>....#
.......#
.......##
#.......
#...... #....♣
#ggK.♣ #.@..♣
#....♣ ♣
#....♣ .♣
#####'####.+#
#...........#
#♣♣♣♣♣......#
♣♣PP.♣♣.....#
♣P......###.#
#♣PPPPP♣.....#


You could see a hobgoblin, a goblin and a kobold.

Vanquished Creatures
  A giant cockroach (D:1)
  A frilled lizard (D:1)
2 creatures vanquished.

Notes
Turn   | Place    | Note
-------+----------+-------------------------------------------
     0 | D:1      | MrFlexi the Draconian Earth Elementalist began the quest for the Orb.
     0 | D:1      | Reached XP level 1. HP: 14/14 MP: 3/3
   236 | D:1      | Slain by a goblin

Vault maps used:
D:1:      sevenhm_arrival_forest_fort_small_4, serial_forest,
          infiniplex_forest_straight_4, infiniplex_forest_clump_diagonal,
          infiniplex_forest_end_1, infiniplex_forest_clump_small,
          infiniplex_forest_clump_diagonal, infiniplex_forest_clump_curved

Action                   || total
-------------------------++-------
Melee: Unarmed           ||    14
       Tailslap          ||     1
Armor: Skin              ||     4
Dodge: Dodged            ||     8

Table legend:
 A = Spawn XP
 B = Non-spawn XP
 C = Spawn XP percentage of total XP
 D = Spawn monster count
 E = Non-spawn monster count
 F = Spawn count percentage of total count
 G = Total turns spent on level
                    A         B        C        D         E        F      G
               +---------+---------+-------+---------+---------+-------+---------
         Total |       0 |       3 |   0.0 |       0 |       2 |   0.0 |   236
               +---------+---------+-------+---------+---------+-------+---------
           D:1 |       0 |       3 |   0.0 |       0 |       2 |   0.0 |   236
               +---------+---------+-------+---------+---------+-------+---------
